 Dungeon Crawl Stone Soup version 0.29-a0-319-gad05b8d819 (webtiles) character file.

Game seed: 103194610766519914

158 spiderkeys the Skirmisher (level 5, -13/47 HPs)
             Began as a Draconian Abyssal Knight on Apr 2, 2022.
             Was a Priest of Lugonu.
             Mangled by an ogre
             ... wielding a +0 giant club
              (31 damage)
             ... on level 4 of the Dungeon.
             The game lasted 00:04:24 (4059 turns).

spiderkeys the Skirmisher (DrAK)                    Turns: 4059, Time: 00:04:24

Health: -13/47     AC:  6    Str: 16    XL:     5   Next: 16%
Magic:  6/6        EV: 11    Int: 10    God:    Lugonu [***...]
Gold:   54         SH:  8    Dex: 13    Spells: 4/4 levels left

rFire   . . .      SeeInvis .   b - +0 trident
rCold   . . .      Faith    .   i - +0 kite shield
rNeg    . . .      Spirit   .   (body armour unavailable)
rPois   .          Reflect  .   (helmet restricted)
rElec   .          Harm     .   (no cloak)
rCorr   .          Rampage  .   o - +0 pair of gloves
Will    .....                   (no boots)
Stlth   +.........              (no amulet)
HPRegen 0.15/turn               (no ring)
MPRegen 0.10/turn               (no ring)

@: no status effects
A: AC +5, unfitting armour, cold-blooded
a: Renounce Religion, Depart the Abyss, Bend Space, Banish


You were on level 4 of the Dungeon.
You worshipped Lugonu.
Lugonu was most pleased with you.
You visited 1 branch of the dungeon, and saw 4 of its levels.
You visited the Abyss 1 time.

You collected 54 gold pieces.


Innate Abilities, Weirdness & Mutations

Your plain brown scales are hard. (AC +5)
You cannot fit into any form of body armour.
You are cold-blooded and may be slowed by cold attacks.


   Skills:
 + Level 4.3 Fighting
 + Level 3.2 Polearms
 + Level 3.1 Dodging
 + Level 1.9 Shields
 - Level 2.0 Invocations


You had 4 spell levels left.
You didn't know any spells.
Your spell library was empty.

Inventory:

Hand Weapons
 a - a +1 spear
 b - a +0 trident (weapon)
   (You found it on level 1 of the Dungeon)
Missiles
 h - 119 stones
 j - 6 poisoned darts
 p - 4 boomerangs
 r - 3 javelins
 s - 6 boomerangs of dispersal {=f!f}
Armour
 i - a +0 kite shield (worn)
   (You found it on level 1 of the Dungeon)
 o - a +0 pair of gloves (worn)
   (You found it on level 3 of the Dungeon)
Scrolls
 c - a scroll of fear
 e - a scroll of amnesia {unknown}
 g - a scroll of noise {!r}
 k - a scroll of teleportation {@r4}
 q - a scroll of torment {!r}
 t - a scroll of vulnerability {unknown}
Potions
 d - a potion of ambrosia {unknown}
 f - 2 potions of flight {unknown}
 l - a potion of berserk rage {unknown}
 m - a potion of attraction {unknown}
 n - 2 potions of brilliance {unknown}

Dungeon Overview and Level Annotations

Branches:
Dungeon (4/15)
 Temple: D:4-7

Altars:

Annotations:
D:3 2 runed translucent doors, Slifar's ghost, amateur DrTm
D:4 Eustachio

...#...≈..
.......≈.. ..#
≈≈).#.....
..######.
.?≈..###### .
......(.(
≈≈D≈≈.....#h.
#........
...O......h..
#>..(...?
##...........
#........
#.gS........
#.O......
#...........
#@################
#...........
#................#
#............
################.#
#............ #.#
#........#### #.#
########## #.# #.#
#.# #.# #.# #.#
#.#


You could see an ogre (very poisoned).


Message History

A goblin is nearby!
An acid dragon comes into view.
The acid dragon roars!
You reach to attack!
You closely miss the goblin. You barely miss the goblin.
You tail-slap the goblin. The goblin hits you with a +0 club.
An ogre comes into view. It is wielding a +0 giant club.
The goblin hits you but does no damage. 😕 HP[-2]
You take 2 damage, and now have 45/47 hp.
The ogre shouts!
You hit the goblin.
You kill the goblin!
Lugonu accepts your kill.
A ball python comes into view.
A hobgoblin comes into view. 😕 HP[+1]
You reach to attack!
The hobgoblin shouts!
You hit the acid dragon. You puncture the acid dragon!
The acid dragon spits acid at you. The splash of acid hits you!!
You block the acid dragon's attack. x2
You hear a bark!
You hear a shout! 😮 HP[-21]
You take 21 damage, and now have 25/47 hp.
MASSIVE DAMAGE!! (PAUSE)
You hit the acid dragon. The acid dragon bites you.
* * * LOW HITPOINT WARNING * * *
The acid dragon claws you.
* * * LOW HITPOINT WARNING * * *
😨 HP[-8]
You take 8 damage, and now have 17/47 hp.
Unknown command.
Okay, then.
Space bends around you!
You blink. 😨 HP[-2] MP[-1]
You take 2 damage, and now have 15/47 hp.
You lost 1 mp, and now have 5/6 mp.
As you read the scroll of teleportation {@r4}, it crumbles to dust.
You feel strangely unstable. The acid dragon spits acid at you.
The splash of acid hits you!
* * * LOW HITPOINT WARNING * * *
You hear a bark! x2 😱 HP[-10]
You take 10 damage, and now have 5/47 hp.
MASSIVE DAMAGE!! (PAUSE)
A jackal comes into view.
The jackal barks!
A jackal comes into view.
Your surroundings suddenly seem different.
You start resting. 😱 HP[+1] MP[+1]
Your mp is fully restored (6).
You start resting. 😎 HP[+41]
Your hp is fully restored (47).
Found a stone staircase leading down.
An ogre is nearby!
Throw: 11 darts (poison)
Press: ? - help, Shift-Dir - straight line, f - ogre
Aim: an ogre, wielding a +0 giant club (wandering, hasn't noticed you, 74% to hit)
You throw a poisoned dart. The poisoned dart hits the ogre.
The ogre is poisoned.
The ogre shouts!
Throw: 10 darts (poison)
Press: ? - help, Shift-Dir - straight line, f/p - ogre
Aim: an ogre, wielding a +0 giant club (poisoned, 74% to hit)
You throw a poisoned dart. The poisoned dart hits the ogre.
The ogre looks even sicker.
Throw: 9 darts (poison)
Press: ? - help, Shift-Dir - straight line, f/p - ogre
Aim: an ogre, wielding a +0 giant club (very poisoned, 74% to hit)
You throw a poisoned dart.
The poisoned dart barely misses the ogre.
Throw: 8 darts (poison)
Press: ? - help, Shift-Dir - straight line, f/p - ogre
Aim: an ogre, wielding a +0 giant club (lightly wounded, very poisoned, 74% to hit)
You throw a poisoned dart.
The poisoned dart barely misses the ogre.
Throw: 7 darts (poison)
Press: ? - help, Shift-Dir - straight line, f/p - ogre
Aim: an ogre, wielding a +0 giant club (lightly wounded, very poisoned, 74% to hit)
You throw a poisoned dart. The poisoned dart hits the ogre.
The ogre looks even sicker.
You hit the ogre. You block the ogre's attack.
You barely miss the ogre.
The ogre hits you with a +0 giant club!!
Ouch! That really hurt!
* * * LOW HITPOINT WARNING * * *
😨 HP[-29]
You take 29 damage, and now have 18/47 hp.
MASSIVE DAMAGE!! (PAUSE)
You hit the ogre.
Your tail-slap misses the ogre.
You block the ogre's attack.
You hit the ogre. You barely miss the ogre.
Your tail-slap misses the ogre.
The ogre hits you with a +0 giant club!!
Ouch! That really hurt!
You die...

Skill      XL: |  1  2  3  4 |
---------------+-------------+-----
Shields        | 1 |  1.9
Fighting       | 4 |  4.3
Polearms       | 3 |  3.2
Dodging        | 3 |  3.1
Invocations    | |  2.0

Action                   |  1- 3 |  4- 6 || total
-------------------------+-------+-------++-------
Melee: Trident           |    98 |   145 ||   243
       Spear             |     3 |       ||     3
       Tailslap          |     7 |    11 ||    18
Throw: Dart              |       |     5 ||     5
Invok: Bend Space        |       |     1 ||     1
  Use: Scroll            |       |     5 ||     5
 Stab: Sleeping          |     4 |     1 ||     5
Armor: Skin              |    33 |    45 ||    78
Dodge: Dodged            |    53 |    83 ||   136
Block: Kite shield       |    30 |    73 ||   103

Levels and vault maps discovered:
D:1:      lightli_arrival_flooded_house, layout_loops_corners
D:2:      layout_basic, minmay_misc_feat_diagonals, minmay_unequal
D:3:      layout_rooms, ebering_ghost_sewer_f
D:4:      layout_basic, serial_rivers, chequers_serial_rivers_micro_d,
          chequers_serial_rivers_micro_a, chequers_serial_rivers_micro_c,
          chequers_serial_rivers_micro_b, chequers_serial_rivers_micro_c,
          nicolae_shop_sticking_my_neck_out, uniq_eustachio

Notes
Turn   | Place    | Note
-------+----------+-------------------------------------------
     0 | Abyss:1  | spiderkeys the Draconian Abyssal Knight began the quest for
                  | the Orb.
     0 | Abyss:1  | Reached XP level 1. HP: 19/19 MP: 2/2
     0 | Abyss:1  | magus.rc [v1.11.3]
     9 | D:1      | You pass through the gate.
     9 | D:1      | Escaped the Abyss
   339 | D:1      | Reached XP level 2. HP: 26/26 MP: 3/3
  1041 | D:2      | Reached XP level 3. HP: 28/33 MP: 4/4
  1349 | D:2      | Reached *** piety under Lugonu
  1350 | D:2      | Reached skill level 1 in Shields
  1531 | D:2      | You fall into a shaft and drop 1 floor!
  1545 | D:3      | Reached skill level 4 in Fighting
  1545 | D:3      | Reached XP level 4. HP: 18/40 MP: 5/5
  1839 | D:3      | Reached skill level 3 in Polearms
  1839 | D:3      | Reached skill level 3 in Dodging
  2069 | D:3      | Found a runed translucent door.
  2070 | D:3      | Noticed a bullfrog
  2070 | D:3      | Noticed Slifar's ghost (amateur DrTm)
  2461 | D:2      | Reached XP level 5. HP: 25/46 MP: 6/6
  3075 | D:3      | Found a runed translucent door.
  3455 | D:4      | Noticed Eustachio
  3721 | D:4      | Noticed an acid dragon
  3723 | D:4      | Noticed an ogre
  3729 | D:4      | HP: 5/47 [acid dragon/splash of acid (11)]
  4059 | D:4      | Mangled by an ogre

Vanquished Creatures
  A hound (D:3)
  5 adders
  A worm (D:2)
  A dart slug (D:1)
  4 orcs (D:4)
  5 endoplasms
  3 giant cockroaches
  6 goblins
  4 hobgoblins
  13 jackals
  2 kobolds
  4 quokkas
  3 ball pythons (D:1)
  8 bats
  2 frilled lizards
  4 rats
66 creatures vanquished.

Table legend:
 A = Non-vault XP
 B = Vault XP
 C = Vault XP percentage of total XP
 D = Non-vault monster count
 E = Vault monster count
 F = Vault count percentage of total count
                 A         B        C        D         E       F
            +---------+---------+-------+---------+---------+-------
      Total |     207 |      20 |   8.8 |      63 |       3 |   4.5
            +---------+---------+-------+---------+---------+-------
        D:1 |      37 |       0 |   0.0 |      20 |       0 |   0.0
        D:2 |      53 |      20 |  27.4 |      16 |       3 |  15.8
        D:3 |      95 |       0 |   0.0 |      18 |       0 |   0.0
        D:4 |      22 |       0 |   0.0 |       9 |       0 |   0.0
            +---------+---------+-------+---------+---------+-------

Illustrated notes

Table legend:
 A = Kills in this place as a percentage of kills in entire the game.
 B = Kills by you in this place as a percentage of kills by you in the entire game.
 C = Kills by friends in this place as a percentage of kills by friends in the entire game.
 D = Other kills in this place as a percentage of other kills in the entire game.
 E = Experience gained in this place as a percentage of experience gained in the entire game.
 F = Experience gained in this place divided by the number of levels of this place that you have seen.
                   A       B       C       D       E      F
               +-------+-------+-------+-------+-------+----------------------
         Total | 100.0 | 100.0 |   N/A |   N/A | 100.0 |  45.4
       Dungeon | 100.0 | 100.0 |   N/A |   N/A | 100.0 |  56.8
               +-------+-------+-------+-------+-------+----------------------

Table legend: (Time is in decaauts)
 A = Elapsed time spent in this place.
 B = Non-inter-level travel time spent in this place.
 C = Inter-level travel time spent in this place.
 D = Time resting spent in this place.
 E = Time spent auto-exploring this place.
 F = Levels seen in this place.
 G = Mean time per level.
                   A        B        C        D        E       F      G
               +--------+--------+--------+--------+--------+-----+--------+
         Total |   4144 |   3927 |    217 |    929 |   2344 |   5 |  828.8 |
       Dungeon |   4135 |   3918 |    217 |    929 |   2344 |   4 | 1033.8 |
         Abyss |      9 |      9 |      0 |      0 |      0 |   1 |    9.0 |
               +--------+--------+--------+--------+--------+-----+--------+

Top non-repeatable levels by time:
     D:2: 1474 daAuts
     D:3: 1151 daAuts
     D:1: 1030 daAuts
     D:4: 479 daAuts
 Abyss:1: 9 daAuts
